Map: Abyssal Reef LE

Players

Yata - Winner!

  • Race: Zerg Zerg
  • League: Silver
  • Spawn Location: 11:00

A.I. 1 (Medium)

  • Race: Protoss Protoss
  • Spawn Location: 5:00

VOD

Have the link to the VOD?

Description

Time

  • Played on: July 11, 2017, 5:11 p.m.
  • Length: 13:23
Show
View Real Time Build Order
Export as new Build Order

Yata Zerg - Winner!

Build Orders: Hatch First, Lurkers 

Get SALT Encoding   

  12  0:01  Drone  
  13  0:13  Overlord  
  13  0:25  Drone  
  14  0:31  Drone  
  14  0:33  Drone  
  16  0:36  Drone  
  17  0:57  Hatchery  
  17  1:01  Drone x2  
  18  1:06  Extractor  
  17  1:18  Spawning Pool  
  16  1:29  Drone  
  16  1:30  Drone  
  16  1:32  Drone  
  19  1:40  Overlord  
  19  1:53  Drone  
  20  2:06  Queen  
  20  2:08  Metabolic Boost  
  22  2:10  Zergling x4  
  22  2:15  Queen  
  27  2:22  Drone  
  27  2:23  Drone  
  28  2:39  Drone x3  
  31  2:56  Queen  
  33  2:59  Lair  
  31  3:45  Evolution Chamber  
  30  3:49  Hatchery  
  29  4:19  Overlord  
  29  4:26  Extractor  
  29  4:30  Extractor, Drone x6  
  29  4:31  Drone x2  
  35  4:32  Overlord x3  
  35  4:33  Extractor  
  34  4:45  Zergling x4  
  33  5:00  Zergling x12  
  36  5:26  Zergling x16  
  35  5:57  Drone  
  35  5:58  Drone x4  
  40  6:05  Queen  
  42  6:30  Pneumatized Carapace  
  38  6:43  Hydralisk Den  
  37  7:00  Overseer  
  37  7:02  Overlord x2  
  37  7:05  Drone  
  37  7:06  Drone x13  
  51  7:13  Lurker Den  
  51  7:17  Zerg Missile Weapons Level 1  
  51  7:32  Infestation Pit  
  50  8:19  Hydralisk  
  50  8:20  Hydralisk x11  
  74  8:28  Hatchery  
  74  8:30  Overlord x3  
  73  8:40  Muscular Augments  
  73  8:48  Queen x3  
  69  9:16  Overseer  
  69  9:19  Hydralisk  
  69  9:20  Hydralisk x13  
  97  9:43  Hydralisk  
  97  9:44  Hydralisk x2  
  103  9:52  Overlord x3  
  103  9:58  Zerg Missile Weapons Level 2  
  103  10:05  Drone  
  104  10:22  Lurker x4  
  104  10:23  Lurker x2  
  110  10:33  Drone x7  
  110  10:34  Drone x6  
  110  10:35  Drone x3  
  126  10:38  Extractor  
  114  11:16  Lurker  
  111  11:52  Hydralisk x6  
  111  11:53  Hydralisk x2  
  127  11:57  Lurker  
  128  12:02  Overlord x3  
  128  12:03  Overlord  
  128  12:35  Hydralisk x2  
  128  12:36  Hydralisk x15  
Show
View Real Time Build Order
Export as new Build Order

A.I. 1 (Medium) Protoss 

Build Orders: Double Forge 

Get SALT Encoding   

  12  0:01  Probe (Chrono Boost)  
  13  0:11  Probe (Chrono Boost)  
  14  0:20  Pylon  
  14  0:22  Probe (Chrono Boost)  
  15  0:38  Probe (Chrono Boost)  
  16  0:47  Assimilator  
  16  0:49  Probe (Chrono Boost)  
  17  0:50  Gateway  
  17  0:59  Probe (Chrono Boost)  
  17  1:01  Pylon  
  18  1:30  Gateway  
  18  1:39  Zealot  
  18  1:40  Cybernetics Core  
  20  1:59  Pylon  
  20  2:08  Warp Gate, Probe (Chrono Boost)  
  21  2:16  Adept  
  21  2:21  Probe (Chrono Boost)  
  24  2:23  Stalker  
  24  2:24  Assimilator  
  26  2:33  Probe (Chrono Boost)  
  27  2:39  Forge  
  27  2:42  Adept  
  30  2:45  Probe (Chrono Boost)  
  30  2:49  Pylon  
  30  2:52  Adept  
  30  2:56  Probe (Chrono Boost)  
  33  3:07  Probe (Chrono Boost)  
  34  4:10  Zealot  
  34  4:11  Pylon  
  34  4:12  Robotics Facility, Probe (Chrono Boost)  
  34  4:13  Photon Cannon  
  34  4:15  Photon Cannon  
  37  4:23  Probe (Chrono Boost)  
  38  4:24  Stalker  
  38  4:29  Stargate  
  40  4:37  Gateway, Stalker  
  42  4:48  Forge  
  42  4:51  Sentry  
  44  4:56  Nexus  
  44  4:59  Observer  
  45  5:19  Observer  
  46  5:22  Stalker  
  44  5:35  Zealot  
  46  5:54  Adept  
  42  6:07  Adept  
  42  6:10  Probe (Chrono Boost)  
  46  6:12  Probe (Chrono Boost)  
  46  6:17  Assimilator  
  46  6:20  Pylon, Probe (Chrono Boost)  
  46  6:21  Pylon  
  46  6:23  Probe (Chrono Boost)  
  48  6:31  Probe (Chrono Boost)  
  49  6:33  Probe (Chrono Boost)  
  45  6:42  Probe (Chrono Boost)  
  45  6:44  Probe (Chrono Boost)  
  47  6:52  Probe (Chrono Boost)  
  48  6:54  Probe (Chrono Boost)  
  49  7:03  Probe (Chrono Boost)  
  49  7:05  Probe (Chrono Boost)  
  51  7:13  Probe (Chrono Boost)  
  53  7:15  Probe (Chrono Boost)  
  53  7:24  Probe (Chrono Boost)  
  53  7:26  Probe (Chrono Boost)  
  55  7:34  Probe (Chrono Boost)  
  55  7:36  Probe (Chrono Boost)  
  57  7:45  Probe (Chrono Boost)  
  57  7:47  Probe (Chrono Boost)  
  59  7:52  Assimilator  
  59  7:56  Probe (Chrono Boost)  
  59  7:57  Probe (Chrono Boost)  
  61  8:02  Warp Prism  
  63  8:06  Stalker, Probe (Chrono Boost)  
  66  8:18  Stalker  
  68  8:21  Pylon  
  68  8:30  Stalker  
  68  8:31  Protoss Ground Weapons Level 1, Probe (Chrono Boost)  
  72  8:34  Probe (Chrono Boost)  
  72  8:36  Warp Prism  
  74  8:42  Probe (Chrono Boost)  
  75  8:49  Pylon  
  75  8:52  Protoss Ground Armor Level 1  
  73  8:58  Zealot  
  61  9:05  Nexus  
  61  9:10  Stalker  
  61  9:12  Observer  
  61  9:15  Robotics Bay  
  64  9:22  Stalker  
  66  9:34  Stalker  
  68  9:46  Sentry  
  70  9:57  Observer Gravitic Boosters  
  70  10:00  Disruptor  
  73  10:19  Probe (Chrono Boost)  
  73  10:20  Photon Cannon x2  
  74  10:23  Assimilator, Probe (Chrono Boost)  
  74  10:24  Probe (Chrono Boost)  
  74  10:26  Assimilator  
  76  10:29  Probe (Chrono Boost)  
  76  10:31  Disruptor  
  76  10:34  Probe (Chrono Boost)  
  79  10:36  Probe (Chrono Boost)  
  79  10:40  Probe (Chrono Boost)  
  83  10:48  Gravitic Drive  
  83  11:07  Zealot  
  83  11:11  Observer  
  83  11:14  Void Ray  
  68  11:21  Zealot  
  65  11:28  Stalker, Warp Prism  
  59  11:36  Stalker  
  50  11:43  Stalker  
  51  11:50  Stalker  
  44  11:57  Zealot  
  46  12:01  Warp Prism  
  46  12:04  Void Ray  
  48  12:12  Zealot  
  43  12:19  Zealot  
  34  12:25  Sentry  
  34  12:28  Probe (Chrono Boost)  
  25  12:31  Stalker  
  23  12:38  Observer  
  23  12:39  Stalker  
  23  12:41  Probe (Chrono Boost)  
  28  12:52  Stalker, Probe (Chrono Boost)  
  24  12:58  Stalker  
  24  12:59  Observer  
  24  13:00  Nexus  
  24  13:04  Probe (Chrono Boost)  
  25  13:05  Stalker  
  25  13:12  Assimilator  
  18  13:19  Nexus  
Tags
 
Composition
Lurkers
League
Silver
Matchup
PvZ
Replay Pack
Pack 1
Spawn Locations
Cross Positions
Add a new tag
Caveats
  • Supply blocks, unpowered buildings, or Contaminate may cause inaccurate times.
  • Supply counts are checked every 10 seconds.